 Dungeon Crawl Stone Soup version 0.21.1-1-g345015f (webtiles) character file.

165 MMS21 the Slasher (level 5, -9/42 HPs)
             Began as a Human Berserker on Apr 16, 2018.
             Was a Believer of Trog.
             Mangled by an ogre
             ... wielding a +0 giant club
              (22 damage)
             ... on level 4 of the Dungeon.
             The game lasted 00:11:22 (3397 turns).

MMS21 the Slasher (Human Berserker)                 Turns: 3397, Time: 00:11:22

Health: -9/42      AC: 12    Str: 15 (18) XL:     5   Next: 75%
Magic:  5/5        EV:  2    Int:  5 (7)  God:    Trog [**....]
Gold:   286        SH:  7    Dex: 12 (13) Spells: 4/4 levels left

rFire    . . .     SeeInvis +   a - +0 falchion
rCold    . . .     Gourm    .   q - +0 shield
rNeg     . . .     Faith    .   f - +1 plate armour
rPois    +         Spirit   .   (no helmet)
rElec    .         Reflect  .   (no cloak)
rCorr    .         Harm     .   (no gloves)
MR       .....                  (no boots)
Stlth    ..........             (no amulet)
HPRegen  0.14/turn              k - ring of poison resistance
MPRegen  0.09/turn              l - ring of see invisible

@: no status effects
A: no striking features
a: Berserk, Trog's Hand, Burn Spellbooks, Renounce Religion


You were on level 4 of the Dungeon.
You worshipped Trog.
Trog was pleased with you.
You were not hungry.

You visited 1 branch of the dungeon, and saw 4 of its levels.

You collected 286 gold pieces.

Inventory:

Hand Weapons
 a - a +0 falchion (weapon)
Armour
 f - a +1 plate armour (worn)
 g - a +0 leather armour
 h - the cursed +0 chain mail of Articulation {Int+2 Dex+3, unknown}
   (You found it on level 4 of the Dungeon)

   It affects your intelligence (+2).
   It affects your dexterity (+3).
   It has a curse placed upon it.
 q - a +0 shield (worn)
Jewellery
 k - a ring of poison resistance (left hand)
 l - a ring of see invisible (right hand)
Scrolls
 b - 2 scrolls of immolation {unknown}
 c - a scroll of enchant armour
 d - 3 scrolls of teleportation {unknown}
 e - 5 scrolls of identify
Potions
 i - 2 potions of heal wounds {unknown}
 j - 2 potions of curing
 m - 2 potions of degeneration
 n - a potion of might {unknown}
 p - a potion of haste {unknown}
 s - a potion of lignification {unknown}
Comestibles
 r - 2 rations


   Skills:
 + Level 3.9 Fighting
 + Level 4.1 Long Blades
 + Level 3.0 Armour
 + Level 2.5 Dodging
 + Level 1.1 Stealth
 + Level 0.5 Shields


You had 4 spell levels left.
You didn't know any spells.

Dungeon Overview and Level Annotations

Branches:
Dungeon (4/15)
 Temple: D:4-7

Altars:


Message History

The ogre hits you with a giant club!! You block the orc's attack.
You barely miss the ogre.
The ogre is moderately wounded.
The ogre hits you with a giant club!
* * * LOW HITPOINT WARNING * * *
You block the orc's attack.
You closely miss the ogre.
The ogre is moderately wounded.
You block the orc's attack. The ogre barely misses you.
You hit the ogre.
The ogre is heavily wounded.
The orc hits you but does no damage. You block the ogre's attack.
There is an open door here.
It was a potion of curing.
You feel better. The ogre completely misses you.
It was a potion of degeneration.
There was something very wrong with that liquid.
You feel weakened.
You feel dopey.
You feel clumsy. The orc hits you but does no damage.
The ogre hits you with a giant club!!
Ouch! That really hurt!
You die...

*,,,,,,,#................,,
*,,,,,,,#..............#*##
*,,,,,,,#.........<....##..
##+######..................
#......####'##.............
#......##...##.............
#......#.#########.........
#......'.#.......##........
#......#.#@##.#..##........
#......###O.####.#.........
#......# ##o#,#..#...>....(
#......###....##.#.........
#........##...?#.#....†##..
#........#..#[$#.##....####
#........#######.##....#...
#...........'..........#...
#......##...##.........'...


You could see an ogre and an orc.

Vanquished Creatures
  A hound (D:4)
  2 orc wizards (D:4)
  2 adders
  An ooze (D:1)
  An adder skeleton (D:3)
  3 worms (D:3)
  2 leopard geckos
  An orc (D:4)
  7 bats
  6 giant cockroaches
  6 goblins
  A hobgoblin (D:2)
  2 jackals (D:1)
  A quokka (D:2)
  A frilled lizard (D:2)
  3 kobolds
  A quokka skeleton (D:4)
  3 rats
  A fungus (D:3)
45 creatures vanquished.

Notes
Turn   | Place    | Note
-------+----------+-------------------------------------------
     0 | D:1      | MMS21 the Human Berserker began the quest for the Orb.
     0 | D:1      | Reached XP level 1. HP: 18/18 MP: 1/1
   304 | D:1      | Reached XP level 2. HP: 24/24 MP: 2/2
   933 | D:2      | Reached XP level 3. HP: 29/29 MP: 3/3
  1822 | D:3      | Reached ** piety under Trog
  1934 | D:3      | Reached XP level 4. HP: 36/36 MP: 4/4
  2970 | D:4      | Reached skill level 1 in Stealth
  2970 | D:4      | Reached XP level 5. HP: 28/42 MP: 5/5
  3071 | D:4      | Reached skill level 4 in Long Blades
  3256 | D:4      | Got a jewelled chain mail
  3388 | D:4      | Noticed an ogre
  3397 | D:4      | Mangled by an ogre

Skill      XL: |  1  2  3  4  5 |
---------------+----------------+-----
Stealth        | 1 |  1.1
Long Blades    | 4 |  4.1
Armour         | 3 |  3.0
Fighting       | |  3.9
Dodging        | |  2.5
Shields        | |  0.5

Action                   |  1- 3 |  4- 6 || total
-------------------------+-------+-------++-------
Melee: Falchion          |    94 |    93 ||   187
  Use: Scroll            |       |     4 ||     4
       Potion            |       |     2 ||     2
 Stab: Sleeping          |     1 |       ||     1
  Eat: Ration            |     1 |     1 ||     2
       Chunk             |       |     2 ||     2
Armor: Leather armour    |    25 |     4 ||    29
       Plate armour      |       |    45 ||    45
Dodge: Dodged            |    46 |    25 ||    71
Block: Shield            |     5 |    30 ||    35
       Rpst.: Falchion   |    17 |    10 ||    27
